 Dungeon Crawl Stone Soup version 0.20.1-1-g8b1a95d66d (webtiles) character file.

2538 Romulous the Cleaver (level 9, 0/78 HPs)
             Began as a Minotaur Fighter on Dec 8, 2017.
             Was an Initiate of Gozag.
             Slain by an orc warrior
             ... wielding a +0 halberd
              (21 damage)
             ... on level 6 of the Dungeon on Dec 11, 2017.
             The game lasted 00:29:31 (7233 turns).

Romulous the Cleaver (Minotaur Fighter)             Turns: 7233, Time: 00:29:32

Health: 0/78       AC: 12    Str: 29    XL:     9   Next: 30%
Magic:  8/8        EV:  8    Int:  5    God:    Gozag
Gold:   184        SH: 11    Dex: 10    Spells: 8/8 levels left

rFire    . . .     SeeInvis .   a - +0 war axe
rCold    . . .     Gourm    .   c - +0 shield
rNeg     . . .     Faith    .   E - +0 chain mail
rPois    .         Spirit   .   (helmet restricted)
rElec    .         Reflect  .   (no cloak)
rCorr    .         Harm     .   (no gloves)
MR       +....                  o - +0 pair of boots
Stlth    ..........             s - amulet of rage
Regen    0.3/turn               j - ring of protection from magic
MPRegen  0.2/turn               (no ring)

@: mighty
A: retaliatory headbutt, horns 2
a: Potion Petition, Call Merchant, Bribe Branch, Renounce Religion, Evoke
Berserk Rage


You were on level 6 of the Dungeon.
You worshipped Gozag.
Gozag was aware of your devotion.
You were not hungry.

You visited 2 branches of the dungeon, and saw 7 of its levels.
You also visited: Sewer.

You collected 267 gold pieces.
You paid 83 gold pieces to Gozag.

Inventory:

Hand Weapons
 a - a +0 war axe (weapon)
 F - a +1 flail of crushing
Armour
 c - a +0 shield (worn)
 o - a +0 pair of boots (worn)
 E - a +0 chain mail (worn)
Jewellery
 j - a ring of protection from magic (left hand)
 m - an uncursed ring of ice
 s - an amulet of rage (around neck)
Scrolls
 b - a scroll of amnesia {unknown}
 e - 3 scrolls of identify
 k - 5 scrolls of remove curse {unknown}
 l - 3 scrolls of fear {unknown}
 q - 2 scrolls of recharging {unknown}
 r - 6 scrolls of teleportation {unknown}
 w - 2 scrolls of immolation {unknown}
 y - 2 scrolls of enchant armour {unknown}
 B - 2 scrolls of fog {unknown}
 C - 2 scrolls of magic mapping {unknown}
 D - 2 scrolls of blinking {unknown}
Potions
 d - a potion of might
 i - 2 potions of flight {unknown}
 n - 3 potions of curing
 p - a potion of berserk rage {unknown}
 t - 4 potions of heal wounds {unknown}
 u - a potion of degeneration {unknown}
 v - 2 potions of lignification {unknown}
 x - a potion of mutation {unknown}
 z - a potion of haste {unknown}
 A - 2 potions of agility {unknown}
 G - a potion of invisibility
Comestibles
 f - 2 bread rations
 g - 7 meat rations
 h - 4 royal jellies
 H - 3 chunks of flesh


   Skills:
 + Level 6.6 Fighting
 + Level 9.5 Axes
 + Level 8.1 Armour
 + Level 2.8 Dodging
 + Level 1.0 Stealth
 + Level 7.6 Shields


You had 8 spell levels left.
You didn't know any spells.

Dungeon Overview and Level Annotations

Branches:
Dungeon (6/15)             Temple (1/1) D:6

Altars:
Ashenzari
Cheibriados
Dithmenos
Elyvilon
Fedhas
Gozag
Hepliaklqana
Kikubaaqudgha
Makhleb
Nemelex Xobeh
Okawaru
Qazlal
Ru
Sif Muna
Trog
Uskayaw
Vehumet
Xom
Yredelemnul
Zin
The Shining One

Shops:
D:5 [


Innate Abilities, Weirdness & Mutations

You reflexively headbutt those who attack you in melee.
You have a pair of horns on your head.


Message History

Items here: $ )) [ 14 gold pieces; a dagger; a robe; a hand axe The orc warrior closely misses you.
You furiously retaliate!
You headbutt the orc warrior! You block the orc's attack.
The orc wizard casts a spell.
The orc wizard flickers and vanishes!
Deactivating autopickup; reactivate with Ctrl-A.
The orc warrior hits you from afar with a halberd!
The orc is distracted by the nearby gold.
Found a stone staircase leading down.
Something unseen opens the door.
You feel very mighty all of a sudden.
As you read the scroll of identify, it crumbles to dust.
n - 4 potions of curing The orc warrior hits you from afar with a halberd!
* * * LOW HITPOINT WARNING * * *
You feel better.
The orc warrior hits you from afar with a halberd!!
You die...
Your body crumbles into a pile of gold.

............#..........#.......#.
............#..........#.......'.
...........##..#####.#####.....##
'############### #.# ##......
............# #.# #......
............' ###.### #......
.....?...o..#'## ###'### #......
...............####⌠.⌠#####......
....>.###'##.ooo@.#.>.'...+......
......+ +..o####⌠.⌠####.......
....oo# #..># ####### #.......
.....o# ##+## ###.### #.......
####.o..# #.# #....... #....# #.#
#......# #.o..+ #.#####......#
#....# #............# #....#
#............#


You could see 2 orc warriors, an orc priest and 2 orcs.

Vanquished Creatures
  The ghost of drwem the Cleaver, a novice MiBe of Trog (D:5)
  Sigmund (D:3)
  Eustachio (D:5)
  Edmund (D:5)
  3 phantoms
  2 ogres (D:4)
  An ice beast (D:5)
  A sky beast (D:4)
  The ghost of Schattenjager the Conjurer, an amateur DrCj (D:4)
  A centaur (D:4)
  3 bullfrogs
  2 scorpions
  A howler monkey (D:4)
  A crimson imp (D:5)
  3 hounds
  A centaur skeleton (D:6)
  4 orc wizards
  An orc priest (D:5)
  An iguana (D:4)
  2 worker ants (D:4)
  4 gnolls (D:3)
  A howler monkey skeleton (D:6)
  A river rat (D:4)
  12 adders
  2 shadow imps (D:6)
  An ooze (D:3)
  An adder skeleton (D:4)
  5 worms
  A dart slug (D:1)
  7 leopard geckos
  20 orcs
  8 giant cockroaches
  10 goblins
  10 hobgoblins
  4 jackals (D:3)
  7 kobolds
  5 quokkas
  4 ball pythons
  2 bats (D:1)
  11 frilled lizards
  7 rats
155 creatures vanquished.

Notes
Turn   | Place    | Note
-------+----------+-------------------------------------------
     0 | D:1      | Romulous the Minotaur Fighter began the quest for the Orb.
     0 | D:1      | Reached XP level 1. HP: 19/19 MP: 0/0
   163 | D:1      | Reached XP level 2. HP: 27/27 MP: 1/1
  1078 | D:2      | Reached XP level 3. HP: 33/33 MP: 2/2
  1129 | D:2      | Reached skill level 3 in Axes
  1895 | D:3      | Reached XP level 4. HP: 38/40 MP: 3/3
  1939 | D:3      | Noticed Sigmund
  1947 | D:3      | Killed Sigmund
  1947 | D:3      | Reached skill level 5 in Axes
  1947 | D:3      | Reached skill level 5 in Armour
  1947 | D:3      | Reached XP level 5. HP: 29/46 MP: 4/4
  2471 | D:3      | Reached XP level 6. HP: 50/53 MP: 5/5
  2580 | D:3      | Reached skill level 5 in Shields
  3003 | D:4      | Reached skill level 6 in Axes
  3003 | D:4      | Reached XP level 7. HP: 56/60 MP: 6/6
  3039 | D:4      | Reached skill level 5 in Fighting
  3081 | D:4      | Reached skill level 1 in Dodging
  3137 | D:4      | Noticed Schattenjager's ghost (amateur DrCj)
  3155 | D:4      | Killed Schattenjager's ghost
  3204 | D:4      | Found a shimmering altar of Xom.
  3204 | D:4      | Found a shimmering altar of Xom.
  3266 | D:4      | Found a shimmering altar of Xom.
  3267 | D:4      | Found a shimmering altar of Xom.
  3270 | D:4      | Found a shimmering altar of Xom.
  3303 | D:4      | Found a sacrificial altar of Ru.
  3303 | D:4      | Found a deep blue altar of Sif Muna.
  3309 | D:4      | Found a hazy altar of Hepliaklqana.
  3311 | D:4      | Found a faded altar of an unknown god.
  3313 | D:4      | Found a sparkling altar of Nemelex Xobeh.
  3492 | D:4      | Found a glowing drain.
  3511 | Sewer    | Entered a sewer
  3966 | Sewer    | Reached skill level 7 in Axes
  4373 | D:4      | Reached XP level 8. HP: 69/69 MP: 7/7
  4795 | D:5      | Entered Level 5 of the Dungeon
  4795 | D:5      | Noticed Eustachio
  4804 | D:5      | Noticed drwem's ghost (novice MiBe)
  4804 | D:5      | Killed Eustachio
  5242 | D:4      | Reached skill level 8 in Axes
  5297 | D:5      | Killed drwem's ghost
  5501 | D:5      | Found a stormy altar of Qazlal.
  5587 | D:5      | Noticed Edmund
  5609 | D:5      | Killed Edmund
  5609 | D:5      | Reached XP level 9. HP: 60/75 MP: 8/8
  5732 | D:5      | Found Fuakebew's Armour Shoppe.
  5757 | D:5      | Reached skill level 9 in Axes
  5958 | D:5      | Found a glowing golden altar of the Shining One.
  5990 | D:5      | Reached skill level 1 in Stealth
  6008 | D:5      | Found a bloodstained altar of Trog.
  6316 | D:6      | Found a staircase to the Ecumenical Temple.
  6321 | Temple   | Entered the Ecumenical Temple
  6667 | Temple   | Became a worshipper of Warmaster Okawaru
  6917 | D:6      | Found an ancient bone altar of Kikubaaqudgha.
  7046 | D:6      | Found an opulent altar of Gozag.
  7091 | D:6      | Fell from the grace of Okawaru
  7091 | D:6      | Became a worshipper of Gozag Ym Sagoz the Greedy
  7233 | D:6      | Slain by an orc warrior

Skill      XL: |  1  2  3  4  5  6  7  8  9 |
---------------+----------------------------+-----
Armour         | 4 5 6 7 8 |  8.1
Shields        | 4 5 6 7 |  7.6
Axes           | 3 5 6 7 8 9 |  9.5
Fighting       | 4 5 6 |  6.6
Dodging        | 1 2 |  2.8
Stealth        | 1 |  1.0

Action                   |  1- 3 |  4- 6 |  7- 9 || total
-------------------------+-------+-------+-------++-------
Melee: War axe           |   102 |   102 |   273 ||   477
       Headbutt          |    20 |    11 |    50 ||    81
  Use: Scroll            |       |       |     2 ||     2
       Potion            |       |       |     2 ||     2
  Eat: Chunk             |     3 |     3 |     2 ||     8
       Bread ration      |       |     1 |     2 ||     3
Armor: Scale mail        |    32 |     8 |       ||    40
       Chain mail        |       |    26 |   175 ||   201
Dodge: Dodged            |    30 |    26 |    84 ||   140
Block: Shield            |    52 |    56 |   183 ||   291
